 Dungeon Crawl Stone Soup version 0.23.2-30-g0e89c35649 (webtiles) character file.

Game seed: 18026215327295981163

1296 Ceapi the Cleaver (level 8, -3/68 HPs)
             Began as a Hill Orc Berserker on June 6, 2019.
             Was a Priest of Trog.
             Killed by divine providence
             ... invoked by an orc priest
              (15 damage)
             ... on level 5 of the Dungeon.
             The game lasted 00:56:16 (5908 turns).

Ceapi the Cleaver (Hill Orc Berserker)              Turns: 5908, Time: 00:56:16

Health: -3/68      AC: 11    Str: 21    XL:     8   Next: 56%
Magic:  8/8        EV: 11    Int:  7    God:    Trog [***...]
Gold:   303        SH:  6    Dex: 11    Spells: 7/7 levels left

rFire    . . .     SeeInvis .   e - +2 flail (protect)
rCold    . . .     Gourm    .   g - +2 buckler
rNeg     . . .     Faith    .   B - +3 scale mail
rPois    .         Spirit   .   d - +0 helmet
rElec    .         Reflect  .   (no cloak)
rCorr    .         Harm     .   (no gloves)
MR       ++...                  (no boots)
Stlth    ..........             (no amulet)
HPRegen  1.21/turn              (no ring)
MPRegen  0.11/turn              (no ring)

@: regenerating
A: no striking features
a: Berserk, Trog's Hand, Renounce Religion, Convert to Beogh


You were on level 5 of the Dungeon.
You worshipped Trog.
Trog was most pleased with you.
You were not hungry.

You visited 2 branches of the dungeon, and saw 6 of its levels.

You collected 303 gold pieces.

Inventory:

Hand Weapons
 a - a +0 hand axe
 e - a +2 flail of protection (weapon)
Armour
 b - a +0 animal skin
 d - a +0 helmet (worn)
 g - a +2 buckler (worn)
 h - a +0 buckler
 i - a +0 leather armour
 u - a +0 scale mail
 z - a +0 scale mail
 B - a +3 scale mail (worn)
Wands
 f - a wand of flame (16)
Scrolls
 k - 5 scrolls of remove curse
 n - 3 scrolls of identify {unknown}
 o - 3 scrolls of magic mapping {unknown}
 p - 2 scrolls of blinking {unknown}
 t - 2 scrolls of enchant armour {unknown}
 x - a scroll of noise {unknown}
 y - 2 scrolls of teleportation {unknown}
 C - a scroll of amnesia {unknown}
Potions
 j - a potion of experience {unknown}
 l - a potion of lignification {unknown}
 m - 4 potions of heal wounds
 q - a potion of flight {unknown}
 r - 2 potions of cancellation {unknown}
 v - 3 potions of brilliance {unknown}
 w - 3 potions of might {unknown}
 A - a potion of ambrosia {unknown}
 F - a potion of berserk rage {unknown}
Comestibles
 c - 5 rations


   Skills:
 - Level 5.1 Fighting
 - Level 8.2(8.8) Axes
 + Level 3.9(5.8) Maces & Flails
 + Level 5.4 Armour
 + Level 3.0 Dodging
 + Level 1.2 Stealth
 + Level 3.7 Shields


You had 7 spell levels left.
You didn't know any spells.
Your spell library was empty.

Dungeon Overview and Level Annotations

Branches:
Dungeon (5/15)             Temple (1/1) D:5

Altars:
Cheibriados
Dithmenos
Fedhas
Gozag
Hepliaklqana
Kikubaaqudgha
Okawaru
Qazlal
Ru
Sif Muna
Uskayaw
Vehumet
Yredelemnul
The Shining One

Annotations:
D:5 3 runed translucent doors


Message History

The orc wizard hits you but does no damage.
You closely miss the orc wizard.
The orc priest begins to cast a cantrip, but forgets the words!
Something hits you but does no damage. Something bites you!
* * * LOW HITPOINT WARNING * * *
Something draws strength from your injuries!
The orc wizard completely misses you.
Your skin crawls.
You feel resistant to hostile enchantments.
You feel somewhat more hungry. You block the orc's attack. Something hits you.
* * * LOW HITPOINT WARNING * * *
Something bites you.
* * * LOW HITPOINT WARNING * * *
Something draws strength from your injuries!
The orc wizard barely misses you.
The orc priest looks satisfied for a moment.
The orc hits you but does no damage.
The orc priest calls down the wrath of Beogh upon you.
Beogh smites you!
You die...

.. ...# ##..##.. ..#
#..# #...#... ..##..#
####.#.#... #.#..#
#......+... ## #...#
#.##.#.+... #.#
##..###.##.#.+...
#.###..........#.#Y..
#..#.##.###.####.#...
#...@...# #.####.##..
####o#####
#.......##. #...o{o.#
#........## #.##.##.#
#.......... #.##o...#
#.......... #.##..#.#
#.......#.. #.###...#
######.....
#.####.)###### #.....
#............# ####..


You could see an orc priest, an orc wizard and an orc.

Vanquished Creatures
  The ghost of barcode the Conjurer, an amateur TrCj (D:4)
  Sigmund (D:2)
  Edmund (D:4)
  2 ogres (D:5)
  The ghost of hofbold the Insei, an amateur HuWn (D:3)
  Blork the orc (D:4)
  2 bullfrog skeletons (D:5)
  A centaur skeleton (D:4)
  A hound (D:5)
  An iguana (D:4)
  2 orc wizards
  4 worker ants
  2 hound skeletons (D:4)
  A howler monkey zombie (D:5)
  A howler monkey skeleton (D:4)
  4 adders
  A howler monkey simulacrum (D:3)
  2 oozes (D:3)
  A worm (D:3)
  An adder skeleton (D:5)
  4 dart slugs
  2 adder simulacra (D:3)
  7 leopard geckos
  11 orcs
  4 giant cockroaches
  5 goblins
  8 hobgoblins
  4 jackals (D:3)
  4 quokkas
  3 ball pythons
  A ball python simulacrum (D:3)
  10 bats
  9 frilled lizards
  A giant cockroach simulacrum (D:3)
  A jackal simulacrum (D:3)
  10 kobolds
  A leopard gecko simulacrum (D:3)
  A leopard gecko skeleton (D:4)
  A leopard gecko zombie (D:5)
  4 rats
122 creatures vanquished.

Notes
Turn   | Place    | Note
-------+----------+-------------------------------------------
     0 | D:1      | Ceapi the Hill Orc Berserker began the quest for the Orb.
     0 | D:1      | Reached XP level 1. HP: 19/19 MP: 1/1
   332 | D:1      | Reached XP level 2. HP: 22/27 MP: 2/2
   702 | D:1      | Reached skill level 5 in Axes
  1016 | D:1      | Reached XP level 3. HP: 20/33 MP: 3/3
  1300 | D:2      | Noticed Sigmund
  1312 | D:2      | Reached ** piety under Trog
  1434 | D:2      | Killed Sigmund
  1434 | D:2      | Reached skill level 7 in Axes
  1434 | D:2      | Reached XP level 4. HP: 22/41 MP: 4/4
  1434 | D:2      | Reached XP level 5. HP: 26/47 MP: 5/5
  2110 | D:3      | Found a runed translucent gate.
  2113 | D:3      | Found a runed translucent gate.
  2116 | D:3      | Found a runed translucent gate.
  2168 | D:3      | Reached XP level 6. HP: 35/53 MP: 6/6
  2436 | D:3      | Found a radiant altar of Vehumet.
  2521 | D:3      | Noticed hofbold's ghost (amateur HuWn)
  2605 | D:3      | Reached *** piety under Trog
  2605 | D:3      | Reached skill level 1 in Shields
  3661 | D:3      | Killed hofbold's ghost
  3661 | D:3      | Reached skill level 8 in Axes
  3850 | D:4      | Noticed Blork the orc
  3886 | D:4      | Killed Blork the orc
  3886 | D:4      | Reached XP level 7. HP: 45/60 MP: 7/7
  4527 | D:4      | Noticed Edmund
  4548 | D:4      | Killed Edmund
  4548 | D:4      | Reached skill level 5 in Fighting
  4548 | D:4      | Reached skill level 1 in Stealth
  4670 | D:4      | Found a runed translucent door.
  4670 | D:4      | Noticed barcode's ghost (amateur TrCj)
  4692 | D:4      | Killed barcode's ghost
  4692 | D:4      | Reached skill level 1 in Maces & Flails
  4692 | D:4      | Reached XP level 8. HP: 45/68 MP: 8/8
  5084 | D:5      | Entered Level 5 of the Dungeon
  5084 | D:5      | Found a staircase to the Ecumenical Temple.
  5102 | D:5      | Reached skill level 5 in Armour
  5126 | Temple   | Entered the Ecumenical Temple
  5843 | D:5      | Found a runed translucent gate.
  5843 | D:5      | Found a runed translucent gate.
  5843 | D:5      | Found a runed translucent gate.
  5867 | D:5      | Noticed a vampire
  5908 | D:5      | Killed from afar by an orc priest

Skill      XL: |  1  2  3  4  5  6  7  8 |
---------------+-------------------------+-----
Axes           | 5 7 8 |  8.2
Fighting       | 4 5 |  5.1
Dodging        | 2 3 |  3.0
Shields        | 2 3 |  3.7
Armour         | 3 4 5 |  5.4
Stealth        | 1 |  1.2
Maces & Flails | 1 3 |  3.9

Action                   |  1- 3 |  4- 6 |  7- 9 || total
-------------------------+-------+-------+-------++-------
Melee: Hand axe          |    92 |   255 |    63 ||   410
       Flail             |       |       |   102 ||   102
Invok: Berserk           |     1 |     1 |     3 ||     5
       Trog's Hand       |       |     1 |     3 ||     4
  Use: Scroll            |       |       |     1 ||     1
       Potion            |       |       |     1 ||     1
  Eat: Chunk             |     2 |     4 |     2 ||     8
       Ration            |       |     2 |     2 ||     4
Armor: Animal skin       |     7 |       |       ||     7
       Leather armour    |    25 |    21 |       ||    46
       Scale mail        |       |    50 |    73 ||   123
Dodge: Dodged            |    54 |   104 |    89 ||   247
Block: Buckler           |    10 |    73 |    50 ||   133
